 Dungeon Crawl Stone Soup version 0.21.1-1-g345015f (webtiles) character file.

40 Fang the Skirmisher (level 3, -2/24 HPs)
             Began as a Gargoyle Berserker on May 10, 2018.
             Was a Follower of Trog.
             Slain by a phantom (5 damage)
             ... on level 2 of the Dungeon.
             The game lasted 00:01:05 (1012 turns).

Fang the Skirmisher (Gargoyle Berserker)            Turns: 1012, Time: 00:01:05

Health: -2/24      AC:  5    Str: 21    XL:     3   Next: 50%
Magic:  3/3        EV: 12    Int:  7    God:    Trog [*.....]
Gold:   86         SH:  0    Dex:  9    Spells: 2/2 levels left

rFire    . . .     SeeInvis .   a - +0 hand axe
rCold    . . .     Gourm    .   (no shield)
rNeg     + . .     Faith    .   b - +0 animal skin
rPois    ∞         Spirit   .   (no helmet)
rElec    +         Reflect  .   (no cloak)
rCorr    +         Harm     .   (no gloves)
MR       .....                  (no boots)
Stlth    +.........             (no amulet)
HPRegen  0.08/turn              f - ring of resist corrosion
MPRegen  0.08/turn              (no ring)

@: no status effects
A: negative energy resistance 1, electricity resistance, unbreathing,
petrification resistance, rot immunity, AC +3
a: Berserk, Burn Spellbooks, Renounce Religion


You were on level 2 of the Dungeon.
You worshipped Trog.
Trog was aware of your devotion.
You were hungry.

You visited 1 branch of the dungeon, and saw 3 of its levels.

You collected 86 gold pieces.

Inventory:

Hand Weapons
 a - a +0 hand axe (weapon)
Armour
 b - a +0 animal skin (worn)
Jewellery
 f - a ring of resist corrosion (left hand)
Scrolls
 d - a scroll of noise {unknown}
 e - 2 scrolls of blinking {unknown}
 g - a scroll of teleportation {unknown}
 i - a scroll of fear {unknown}
 k - a scroll of random uselessness {unknown}
Potions
 h - a potion of curing {unknown}
 j - a potion of berserk rage {unknown}
Comestibles
 c - 2 rations


   Skills:
 + Level 3.7 Fighting
 + Level 3.3 Axes
 + Level 2.4 Armour
 + Level 2.0 Dodging


You had 2 spell levels left.
You didn't know any spells.

Dungeon Overview and Level Annotations

Branches:
Dungeon (3/15)

Altars:
Fedhas


Innate Abilities, Weirdness & Mutations

You are resistant to torment.
Your stone body is resilient. (AC +3)
You are immune to poison.
You resist negative energy. (rN+)
You are resistant to electric shocks. (rElec)
You can survive without breathing.
You are immune to petrification.
You are immune to rotting.


Message History

The phantom is lightly damaged.
The phantom barely misses you.
You barely miss the phantom.
The phantom is lightly damaged.
The phantom hits you.
* * * LOW HITPOINT WARNING * * *
You miss the phantom.
The phantom is lightly damaged.
The phantom hits you but does no damage.
You slash the phantom!
The phantom is moderately damaged.
The phantom closely misses you. The phantom hits you.
* * * LOW HITPOINT WARNING * * *
You barely miss the phantom.
The phantom is moderately damaged.
The phantom hits you but does no damage.
You hit the phantom.
The phantom is moderately damaged.
The phantom hits you.
You die...

#. ##......... #.###.........#
## #...........#.#
...##.......... #.#
.........)#.## #.#
.###.#..>......###.########## #
..............?......?....≈≈###
####...###.#..W..#####..≈†≈....
#..# #....@#.......≈≈_≈≈...
.... ###.#..#######.≈≈≈≈..#
..##% #.#...# #†..≈≈..# . ..
#....... ....###### .#
....#####.##### #.. .# ...!. #
#.. ##..## #.## #####.. #>.#
#....#...... # #..........


You could see a phantom.

Vanquished Creatures
  An adder (D:2)
  A dart slug (D:1)
  4 bats
  3 giant cockroaches
  A goblin (D:2)
  7 hobgoblins
  2 jackals (D:2)
  A frilled lizard (D:3)
  3 kobolds (D:1)
  2 rats
25 creatures vanquished.

Notes
Turn   | Place    | Note
-------+----------+-------------------------------------------
     0 | D:1      | Fang the Gargoyle Berserker began the quest for the Orb.
     0 | D:1      | Reached XP level 1. HP: 14/14 MP: 1/1
   133 | D:1      | Reached XP level 2. HP: 19/19 MP: 2/2
   627 | D:2      | Reached XP level 3. HP: 23/23 MP: 3/3
   703 | D:2      | Found a blossoming altar of Fedhas.
   780 | D:2      | Noticed a phantom
  1012 | D:2      | Slain by a phantom

Skill      XL: |  1  2  3 |
---------------+----------+-----
Axes           | 3 |  3.3
Dodging        | 2 |  2.0
Fighting       | |  3.7
Armour         | |  2.4

Action                   || total
-------------------------++-------
Melee: Hand axe          ||   150
Armor: Animal skin       ||    77
Dodge: Dodged            ||   137
